 Dungeon Crawl Stone Soup version 0.27.1-16-g815e20cd7a (webtiles) character file.

Game seed: 14155533790922888399

121 Eitelfritz the Slasher (level 4, -2/34 HPs)
             Began as a Demonspawn Gladiator on Nov 22, 2021.
             Slain by Blork the orc (4 damage)
             ... on level 4 of the Dungeon.
             The game lasted 00:04:08 (2622 turns).

Eitelfritz the Slasher (Demonspawn Gladiator)       Turns: 2622, Time: 00:04:09

Health: -2/34      AC:  6    Str: 15    XL:     4   Next: 76%
Magic:  4/4        EV: 10    Int: 10    God:
Gold:   88         SH:  0    Dex: 14    Spells: 3/3 levels left

rFire    . . .     SeeInvis .   a - +0 long sword
rCold    . . .     Faith    .   (no shield)
rNeg     . . .     Spirit   .   h - +0 scale mail
rPois    .         Reflect  .   (helmet restricted)
rElec    .         Harm     .   k - scarf {repulsion}
rCorr    .         Rampage  .   (no gloves)
Will     .....                  (no boots)
Stlth    ..........             (no amulet)
HPRegen  0.11/turn              (no ring)
MPRegen  0.09/turn              (no ring)

@: repel missiles
A: antennae 2, ignite blood 1
a: no special abilities


You were on level 4 of the Dungeon.
You visited 1 branch of the dungeon, and saw 4 of its levels.

You collected 88 gold pieces.

Inventory:

Hand Weapons
 a - a +0 long sword (weapon)
Missiles
 d - 3 throwing nets (quivered)
 q - 6 javelins
Armour
 h - a +0 scale mail (worn)
 k - a scarf of repulsion (worn)
Wands
 l - a wand of flame (15)
Scrolls
 b - 2 scrolls of blinking {unknown}
 c - a scroll of silence {unknown}
 f - a scroll of identify {unknown}
 g - 3 scrolls of enchant weapon {unknown}
 m - a scroll of fog {unknown}
 n - 2 scrolls of noise {unknown}
 o - a scroll of summoning {unknown}
Potions
 e - a potion of invisibility {unknown}
 i - a potion of cancellation {unknown}
 p - 2 potions of brilliance {unknown}


   Skills:
 + Level 2.4 Fighting
 + Level 3.9 Long Blades
 + Level 1.8 Throwing
 + Level 1.4 Armour
 + Level 3.4 Dodging


You had 3 spell levels left.
You didn't know any spells.
Your spell library contained the following spells:

 Spells                   Type           Power      Damage    Failure   Level
 Animate Dead             Necr           0%         N/A       100%        4
 Haunt                    Necr/Summ      0%         N/A       100%        7
 Infestation              Necr           0%         N/A       100%        8


Dungeon Overview and Level Annotations

Branches:
Dungeon (4/15)
 Temple: D:4-7

Altars:
Sif Muna
Wu Jian

Annotations:
D:4 Blork the orc


Innate Abilities, Weirdness & Mutations

You have a pair of antennae on your head.
Your demonic aura sometimes causes spilled blood to erupt in flames.


Message History

Blork the orc is moderately wounded.
Blork the orc barely misses you.
Blork the orc points at you and mumbles some strange words.
The puff of frost hits you!
You hit Blork the orc but do no damage.
Blork the orc is moderately wounded.
Blork the orc barely misses you.
You riposte.
You slash Blork the orc!
Blork the orc is heavily wounded.
You hit Blork the orc but do no damage.
Blork the orc is heavily wounded.
Blork the orc hits you with a +0 war axe. x2
* * * LOW HITPOINT WARNING * * *
Your scale mail prevents you from hitting Blork the orc.
Blork the orc is heavily wounded.
Blork the orc hits you but does no damage.
Blork the orc hits you with a +0 war axe.
* * * LOW HITPOINT WARNING * * *
Blork the orc hits you but does no damage.
It was a potion of curing.
You feel better.
Blork the orc hits you with a +0 war axe!
* * * LOW HITPOINT WARNING * * *
You barely miss Blork the orc.
Blork the orc is heavily wounded.
Blork the orc hits you with a +0 war axe.
* * * LOW HITPOINT WARNING * * *
Blork the orc misses you.
You riposte.
You hit Blork the orc.
Blork the orc is heavily wounded.
You feel better.
Blork the orc hits you with a +0 war axe.
* * * LOW HITPOINT WARNING * * *
Blork the orc hits you with a +0 war axe.
* * * LOW HITPOINT WARNING * * *
You barely miss Blork the orc.
Blork the orc is heavily wounded.
Blork the orc grins evilly.
Blork the orc points at you and mumbles some strange words.
The magic dart hits you.
* * * LOW HITPOINT WARNING * * *
Blork the orc hits you with a +0 war axe.
You die...

#. .## .(####
..... ##..###
#.....#
#.########.....#
#....@oooo.<...#
##########.....#
{ #(....#
#.....# ####..#
#.# ... #..


You could see Blork the orc (fast) and 3 orcs.

Vanquished Creatures
  A hound (D:3)
  5 adders
  2 dart slugs
  An orc (D:3)
  5 ball pythons
  An endoplasm (D:1)
  A giant cockroach (D:2)
  4 goblins
  2 hobgoblins (D:2)
  4 jackals (D:1)
  3 quokkas (D:1)
  3 bats
  2 frilled lizards
  2 kobolds
  11 rats
47 creatures vanquished.

Notes
Turn   | Place    | Note
-------+----------+-------------------------------------------
     0 | D:1      | Eitelfritz the Demonspawn Gladiator began the quest for the
                  | Orb.
     0 | D:1      | Reached XP level 1. HP: 16/16 MP: 1/1
   340 | D:1      | Gained mutation: Your demonic aura sometimes causes spilled
                  | blood to erupt in flames. [demonic ancestry]
   340 | D:1      | Reached XP level 2. HP: 18/22 MP: 2/2
   558 | D:1      | Found a faded altar of an unknown god.
  1040 | D:2      | Gained mutation: You have a pair of small antennae on your
                  | head. [demonic ancestry]
  1040 | D:2      | Reached XP level 3. HP: 27/27 MP: 3/3
  1290 | D:2      | Reached skill level 1 in Armour
  1512 | D:2      | Found an ornate altar of the Wu Jian Council.
  1523 | D:2      | You fall into a shaft and drop 1 floor!
  1578 | D:3      | Gained mutation: You have a pair of antennae on your head.
                  | [demonic ancestry]
  1578 | D:3      | Reached XP level 4. HP: 34/34 MP: 4/4
  2448 | D:3      | Found a shimmering blue altar of Sif Muna.
  2601 | D:4      | Noticed Blork the orc
  2622 | D:4      | Slain by Blork the orc

Illustrated notes

Levels and vault maps discovered:
D:1:      minmay_arrival_four_houses, layout_basic,
          dilly_ecumenical_altar_fadedgnrine
D:2:      minmay_angry_zag, layout_basic, basic_altar, serial_forest,
          infiniplex_forest_lined_4_way, infiniplex_forest_lined_3,
          infiniplex_forest_lined_3_way, infiniplex_forest_clump_diagonal,
          infiniplex_forest_lined_corner, infiniplex_forest_clump_diagonal,
          infiniplex_forest_fountain, infiniplex_forest_end_2
D:3:      layout_loops_ring, nicolae_sif_muna_little_library
D:4:      layout_basic, minmay_temple_entry_mist,
          nicolae_shop_sticking_my_neck_out, uniq_blork_the_orc

Skill      XL: |  1  2  3 |
---------------+----------+-----
Dodging        | 3 |  3.4
Long Blades    | 3 |  3.9
Armour         | 1 |  1.4
Fighting       | |  2.4
Throwing       | |  1.8

Action                   |  1- 3 |  4- 6 || total
-------------------------+-------+-------++-------
Melee: Long sword        |    79 |    37 ||   116
  Use: Potion            |       |     2 ||     2
Armor: Leather armour    |     5 |       ||     5
       Scale mail        |    35 |    15 ||    50
Dodge: Dodged            |    59 |    20 ||    79
       Rpst.: Long sword |    20 |     8 ||    28
